 Dungeon Crawl Stone Soup version 0.16.0-18-g484a79e (webtiles) character file.

4630 Ironfoot the Grappler (level 10, -2/94 HPs)
             Began as a Troll Monk on Mar 22, 2015.
             Was an Initiate of Lugonu.
             Slain by a gnoll sergeant
             ... wielding a +2 trident of venom
              (13 damage)
             ... on level 8 of the Dungeon.
             The game lasted 00:17:08 (6342 turns).

Ironfoot the Grappler (Troll Monk)                  Turns: 6342, Time: 00:17:10

Health: -2/94      AC:  6    Str: 21      XL:     10   Next: 19%
Magic:  8/10       EV: 13    Int:  6      God:    Lugonu [......]
Gold:   241        SH:  0    Dex: 12 (15) Spells: 4 memorised, 1 level left

rFire  . . .     SeeInvis +       - Unarmed
rCold  . . .     Clarity  .     a - +0 robe
rNeg   . . .     SustAb   .     (shield restricted)
rPois  .         Gourm    +     (helmet restricted)
rElec  .         Spirit   .     D - +0 cloak
rCorr  +         Warding  .     (gloves unavailable)
rMut   .         Stasis   .     (boots unavailable)
MR     .....                    z - amulet of resist corrosion
Stlth  +.........               i - ring of invisibility
                                j - ring of see invisible

@: very slightly contaminated, not resistant to hostile enchantments, very
unstealthy
A: unfitting armour, claws 3, repulsion field 1, fast metabolism 3, gourmand,
regeneration 2, shaggy fur 1, tough skin 2
a: Renounce Religion, Evoke Invisibility


You were on level 8 of the Dungeon.
You worshipped Lugonu.
Lugonu was noncommittal.
You were full.

You visited 2 branches of the dungeon, and saw 9 of its levels.
You visited the Abyss 1 time.
You also visited: Ossuary.

You collected 442 gold pieces.
You spent 201 gold pieces at shops.

Inventory:

Missiles
 e - 2 throwing nets (quivered)
Armour
 a - a +0 robe (worn)
 D - a +0 cloak (worn)
Jewellery
 i - a ring of invisibility (right claw)
 j - a ring of see invisible (left claw)
 z - an amulet of resist corrosion (around neck)
Scrolls
 c - a scroll of enchant armour {unknown}
 g - 6 scrolls of recharging
 n - 4 scrolls of amnesia {unknown}
 p - 6 scrolls of teleportation {unknown}
 v - 4 scrolls of immolation
 w - a scroll of random uselessness {unknown}
 x - 4 scrolls of fog
 y - a scroll of blinking {unknown}
 B - a scroll of enchant weapon {unknown}
 G - 3 scrolls of magic mapping {unknown}
Potions
 d - 3 potions of agility
 f - 5 potions of curing
 l - 3 potions of invisibility
 m - 2 potions of resistance
 t - 4 potions of flight {unknown}
 u - a potion of haste
 E - 2 potions of might {unknown}
 F - a potion of restore abilities {unknown}
 H - a potion of heal wounds {unknown}
 I - 2 potions of mutation {unknown}
Comestibles
 b - 8 meat rations
 h - 6 bread rations
 o - a royal jelly
 q - 3 fruits
 r - 3 slices of pizza
 s - 2 beef jerkies


   Skills:
 + Level 4.6 Fighting
 * Level 4.3 Dodging
 - Level 1.1 Stealth
 * Level 11.2 Unarmed Combat
 - Level 5.3 Translocations
 - Level 3.5 Invocations


You had one spell level left.
You knew the following spells:

 Your Spells              Type           Power        Failure   Level  Hunger
a - Apportation           Tloc           #.........   8%          1    ##.....
b - Blink                 Tloc           N/A          12%         2    ###....
c - Shroud of Golubria    Chrm/Tloc      #.........   28%         2    ###....
d - Portal Projectile     Tloc           #.....       21%         3    ####...


Dungeon Overview and Level Annotations

Branches:
Dungeon (8/15)             Temple (1/1) D:6
   Lair: D:8-11

Altars:
Ashenzari
Cheibriados
Dithmenos
Elyvilon
Fedhas
Gozag
Kikubaaqudgha
Makhleb
Nemelex Xobeh
Okawaru
Qazlal
Ru
Sif Muna
Trog
Vehumet
Xom
Yredelemnul
Zin
The Shining One

Shops:
D:4 *   D:5 :

Annotations:
D:8 Ironfoot's ghost, experienced TrMo


Innate Abilities, Weirdness & Mutations

You are too large for most types of armour.
You have claws for hands.
Your metabolism is lightning-fast.
You like to eat raw meat.
You heal very quickly.
You are covered in fur (AC +1).
You have very tough skin (AC +2).
You are surrounded by a mild repulsion field (EV +2).


Message History

The gnoll sergeant barely misses you. Ironfoot's ghost hits you!
You barely miss Ironfoot's ghost.
Ironfoot's ghost is lightly damaged.
You mangle Ironfoot's ghost!!
Ironfoot's ghost is moderately damaged.
The gnoll sergeant closely misses you. Ironfoot's ghost hits you!!
* * * LOW HITPOINT WARNING * * *
Ironfoot's ghost says, "Ah, a second chance to prove myself in battle!"
You swap places.
Ironfoot's ghost hits you!!
* * * LOW HITPOINT WARNING * * *
The freed slave hits Ironfoot's ghost!
Use which ability? (? or * to list)
Okay, then.
Casting: Shroud of Golubria
Confirm with . or Enter, or press ? or * to list all spells.
You miscast Blink.
You are very lightly contaminated with residual magic.
The world appears momentarily distorted!
The gnoll sergeant hits you from afar with a trident of venom!
You die...

#.#...Z..g....#......#######
p.#.#....##........#.#.....#
...#.#########p#.##.#.#.###.#
....#g# #.....#.#.#.# #.#
K....#.# #.g#..#.#.#.# #.#
....#g# #..#......#.# #.#
.#Z# #g.#......#.# #.# #.#
#.W#......#.# #.### ######g##
#.@#........# #..(. Zg.g....#
#..#.##...########. ####....#
#..#............#.. #....#
#..#####.######.#.. #....#
#... (............ #....#
#.## ##.######.#.. ###### #.
..# #.#.. ## ## #.#.. #.###


You could see a gnoll sergeant, Ironfoot's ghost, a gnoll and a neutral freed
slave (wandering).

Vanquished Creatures
  The ghost of Sunflesh the Cleaver, an experienced FoFi of Qazlal (D:7)
  Pikel (D:8)
  Psyche (D:8)
  The ghost of dadoka the Grappler, an experienced VSMo (D:4)
  A hungry ghost (D:7)
  An orc warrior (D:7)
  An ice beast (D:6)
  2 slaves (D:8)
  A necrophage (D:6)
  4 ogres
  A crocodile (D:8)
  2 sky beasts
  2 centaurs
  5 giant frogs
  2 scorpions
  5 wights (D:7)
  2 crimson imps (D:5)
  A jelly (D:6)
  3 quasits
  2 goliath beetles
  2 hounds
  Crazy Yiuf (D:4)
  An orc priest (D:7)
  2 centaur skeletons
  An iguana (D:4)
  5 orc wizards
  9 worker ants
  13 mummies (Ossuary)
  A worker ant zombie (D:5)
  10 adders
  3 gnolls (D:7)
  A shadow imp (D:8)
  2 giant mites
  A worm (D:2)
  3 oozes
  21 orcs
  18 bats
  5 giant cockroaches
  6 goblins
  10 hobgoblins
  5 quokkas
  2 ball pythons
  5 giant geckos
  A giant newt (D:3)
  2 gnoll skeletons (Ossuary)
  3 goblin skeletons (Ossuary)
  2 jackal zombies (D:5)
  14 kobolds
  A kobold skeleton (Ossuary)
  An orc skeleton (Ossuary)
  14 rats
  11 rat skeletons (Ossuary)
  A toadstool (D:1)
216 creatures vanquished.

Vanquished Creatures (others)
  A giant gecko skeleton (D:8)
  A goblin skeleton (Ossuary)
  A bush (D:5)
  3 toadstools (D:1)
6 creatures vanquished.

Grand Total: 222 creatures vanquished

Notes
Turn   | Place    | Note
--------------------------------------------------------------
     0 | D:1      | Ironfoot, the Troll Monk, began the quest for the Orb.
     0 | D:1      | Reached XP level 1. HP: 22/22 MP: 1/1
   134 | D:1      | Reached XP level 2. HP: 25/29 MP: 1/1
   498 | D:1      | Reached skill level 5 in Unarmed Combat
   499 | D:1      | Reached XP level 3. HP: 23/36 MP: 2/2
  1150 | D:3      | Reached XP level 4. HP: 44/44 MP: 2/2
  1812 | D:3      | Reached skill level 6 in Unarmed Combat
  2055 | D:4      | Reached XP level 5. HP: 40/50 MP: 2/2
  2136 | D:4      | Noticed dadoka's ghost (experienced VSMo)
  2150 | D:4      | Killed dadoka's ghost
  2150 | D:4      | Reached skill level 7 in Unarmed Combat
  2150 | D:4      | Reached XP level 6. HP: 29/59 MP: 3/3
  2247 | D:4      | Reached skill level 8 in Unarmed Combat
  2338 | D:4      | Found Pnaychuwn's Assorted Antiques.
  2345 | D:4      | Learned a level 1 spell: Apportation
  2348 | D:4      | Learned a level 2 spell: Blink
  2369 | D:4      | Bought a runed robe for 21 gold pieces
  2369 | D:4      | Bought a coral ring for 150 gold pieces
  2369 | D:4      | Bought a scroll labeled WAOK EPTUNTE for 30 gold pieces
  2456 | D:4      | Found a glowing golden altar of the Shining One.
  2536 | D:4      | Reached XP level 7. HP: 62/66 MP: 3/3
  2564 | D:4      | Noticed Crazy Yiuf
  2569 | D:4      | Killed Crazy Yiuf
  2751 | D:5      | Entered Level 5 of the Dungeon
  2837 | D:5      | Found a blossoming altar of Fedhas.
  2879 | D:5      | Reached skill level 9 in Unarmed Combat
  2970 | D:5      | Found a sand-covered staircase.
  2986 | Ossuary  | Entered an ossuary
  3253 | Ossuary  | Gained mutation: You are surrounded by a mild repulsion field (EV +2). [potion of beneficial mutation]
  3354 | D:5      | Found Copaq's Book Boutique.
  3469 | D:5      | Found a staircase to the Ecumenical Temple.
  3472 | D:5      | Reached skill level 10 in Unarmed Combat
  3472 | D:5      | Reached XP level 8. HP: 74/74 MP: 3/3
  4077 | D:6      | Found a staircase to the Ecumenical Temple.
  4099 | Temple   | Entered the Ecumenical Temple
  4199 | Temple   | Became a worshipper of Cheibriados the Contemplative
  4199 | Temple   | Acquired Cheibriados' first power
  4245 | D:6      | Reached skill level 11 in Unarmed Combat
  4682 | D:6      | Reached skill level 1 in Invocations
  4757 | D:6      | Reached XP level 9. HP: 65/80 MP: 7/9
  4815 | D:6      | Acquired Cheibriados' second power
  4985 | D:7      | Learned a level 2 spell: Shroud of Golubria
  4989 | D:7      | Learned a level 3 spell: Portal Projectile
  5089 | D:7      | Reached skill level 1 in Translocations
  5201 | D:7      | Found a burning altar of Makhleb.
  5542 | D:7      | Acquired Cheibriados' third power
  5554 | D:7      | Noticed Sunflesh's ghost (experienced FoFi)
  5573 | D:7      | Killed Sunflesh's ghost
  5573 | D:7      | Reached skill level 5 in Translocations
  5863 | D:8      | Noticed Psyche
  5866 | D:8      | Cast into the Abyss (Psyche)
  5868 | Abyss:1  | Found a corrupted altar of Lugonu.
  5931 | Abyss:1  | Fell from the grace of Cheibriados
  5931 | Abyss:1  | Became a worshipper of Lugonu the Unformed
  5931 | Abyss:1  | Acquired Lugonu's first power
  5932 | D:8      | Escaped the Abyss
  5967 | D:8      | Killed Psyche
  5967 | D:8      | Reached XP level 10. HP: 49/92 MP: 7/10
  6238 | D:8      | Noticed Pikel
  6266 | D:8      | Killed Pikel
  6300 | D:8      | Noticed Ironfoot's ghost (experienced TrMo)
  6342 | D:8      | Slain by a gnoll sergeant

Action                   |  1- 3 |  4- 6 |  7- 9 | 10-12 || total
-------------------------+-------+-------+-------+-------++-------
Melee: Unarmed           |   121 |    80 |   379 |    52 ||   632
 Cast: Shroud of Golubri |       |       |     5 |       ||     5
       Blink             |       |       |     1 |       ||     1
Invok: Bend Time         |       |       |     3 |       ||     3
       Depart the Abyss  |       |       |     1 |       ||     1
  Use: Scroll            |     1 |     4 |     6 |       ||    11
       Potion            |       |       |     4 |       ||     4
 Stab: Sleeping          |     1 |     2 |     1 |       ||     4
  Eat: Chunk             |    15 |    13 |    25 |     7 ||    60
